 Dungeon Crawl Stone Soup version 0.26-a0-1181-gd376ed14c5 (webtiles) character file.

Game seed: 3918042498329523497

205 sahdkjhfkaj the Insei (level 5, -4/36 HPs)
             Began as an Octopode Transmuter on Dec 25, 2020.
             Slain by Grinder (9 damage)
             ... while paralysed by Grinder
             ... on level 3 of the Dungeon.
             The game lasted 00:06:33 (4019 turns).

sahdkjhfkaj the Insei (Octopode Transmuter)         Turns: 4019, Time: 00:06:33

Health: -4/36      AC:  1    Str:  8 (9)  XL:     5   Next: 83%
Magic:  8/8        EV:  2    Int: 14 (17) God:
Gold:   91         SH:  0    Dex:  9 (12) Spells: 3/9 levels left

rFire    . . .     SeeInvis .     - Unarmed
rCold    . . .     Faith    .   (no shield)
rNeg     . . .     Spirit   .   (helmet currently unavailable)
rPois    .         Reflect  .   (no amulet)
rElec    .         Harm     .   (no ring)
rCorr    .         Rampage  .   (no ring)
Will     .....                  (no ring)
Stlth    ++........             (no ring)
HPRegen  0.12/turn              (no ring)
MPRegen  0.11/turn              (no ring)
                                (no ring)
                                (no ring)

@: paralysed, appendages (expiring)
A: almost no armour, stealthy swim, amphibious, 8 rings, constrict 8, tentacle
spike 3, camouflage 1, gelatinous body 1
a: End Transformation


You were on level 3 of the Dungeon.
One of your tentacles had a temporary spike.
You visited 1 branch of the dungeon, and saw 3 of its levels.

You collected 91 gold pieces.

Inventory:

Scrolls
 b - a scroll of fear
 c - 3 scrolls of immolation
 e - a scroll of magic mapping
 i - a scroll of enchant armour
 j - a scroll of amnesia {unknown}
 k - a scroll of random uselessness {unknown}
 l - 3 scrolls of fog
 m - 2 scrolls of remove curse {unknown}
Potions
 d - a potion of cancellation
 g - a potion of curing
 h - a potion of invisibility


   Skills:
 - Level 3.4 Fighting
 - Level 3.4 Dodging
 - Level 3.5 Unarmed Combat
 + Level 2.5 Spellcasting
 + Level 2.6 Transmutations


You had 3 spell levels left.
You knew the following spells:

 Your Spells              Type           Power        Failure   Level
a - Beastly Appendage     Tmut           18%          8%          1
A - Blade Hands           Tmut           4%           91%         5

Your spell library contained the following spells:

 Spells                   Type           Power        Failure   Level
 Wereblood                Tmut           9%           12%         2
 Spider Form              Tmut/Pois      2%           36%         3
 Ice Form                 Ice/Tmut       5%           78%         4


Dungeon Overview and Level Annotations

Branches:
Dungeon (3/15)

Altars:
Yredelemnul

Annotations:
D:3 Grinder


Innate Abilities, Weirdness & Mutations

You cannot wear most types of armour.
You are very stealthy in the water. (Stealth+)
You are amphibious.
You can wear up to eight rings at the same time.
You can use your tentacles to constrict eight enemies at once.
Your skin changes colour to match your surroundings (Stealth+).
Your rubbery body absorbs attacks. (AC +1, EV +1)
One of your tentacles bears a large vicious spike.


Message History

You writhe in agony.
* * * LOW HITPOINT WARNING * * *
You tentacle-slap Grinder.
Grinder is heavily wounded.
Your transformation is almost over.
You constrict Grinder. Grinder hits you.
* * * LOW HITPOINT WARNING * * *
Press: ? - help, v - describe, . - travel
Here: Grinder (severely wounded, constricted by you)
The floor.
Unknown command.
You tentacle-slap Grinder.
Grinder is severely wounded.
You constrict Grinder. Grinder gestures at you.
You suddenly lose the ability to move!
You lose your grip on Grinder.
Grinder hits you!
You die...

..#........##
............
...........#
.###..##.#.# .#
#..##.#.# .#
..##.#5####### .#
#.............# .#
#.###.#.#####5# ..
..# #.#.#####@#
.###.###.........#
...... #.#.#####.#
..##.# #.#.# #.#
..##.###.#.# #.#
...........# #.#
...#.###.#.# ###
.....# #.#.# #.#
.....###.#.#####.#


You could see Grinder.

Vanquished Creatures
  2 orc priests
  An orc wizard (D:3)
  4 gnolls
  2 oozes
  A worm (D:3)
  3 dart slugs
  2 leopard geckos
  3 orcs (D:3)
  8 bats
  3 giant cockroaches
  9 goblins
  4 hobgoblins
  9 kobolds
  A quokka (D:3)
  2 ball pythons
  3 frilled lizards
  5 rats
62 creatures vanquished.

Notes
Turn   | Place    | Note
-------+----------+-------------------------------------------
     0 | D:1      | sahdkjhfkaj the Octopode Transmuter began the quest for the
                  | Orb.
     0 | D:1      | Reached XP level 1. HP: 13/13 MP: 3/3
   213 | D:1      | Reached XP level 2. HP: 6/19 MP: 5/5
   500 | D:1      | Reached XP level 3. HP: 11/25 MP: 6/6
  1958 | D:2      | Found a basalt altar of Yredelemnul.
  2378 | D:3      | Noticed Grinder
  2501 | D:3      | Reached XP level 4. HP: 27/31 MP: 5/7
  2613 | D:3      | HP: 1/31 [gnoll/+0 halberd (19)]
  3204 | D:3      | Reached XP level 5. HP: 12/36 MP: 6/8
  3237 | D:3      | Learned a level 5 spell: Blade Hands
  4018 | D:3      | Paralysed by Grinder for 5 turns
  4019 | D:3      | Slain by Grinder

Illustrated notes

Levels and vault maps discovered:
D:1:      saegor_arrival_simple_c, layout_rooms
D:2:      layout_basic, marbit_many_paths
D:3:      layout_basic, cheibriados_altar_1, hangedman_abyss_or_decor_stabs,
          dk_vineyard_3, bh_walls_and_bars, uniq_grinder

Skill      XL: |  1  2  3 |
---------------+----------+-----
Fighting       | 2 3 |  3.4
Dodging        | 3 |  3.4
Unarmed Combat | |  3.5
Spellcasting   | |  2.5
Transmutations | |  2.6

Action                   |  1- 3 |  4- 6 || total
-------------------------+-------+-------++-------
Melee: Unarmed           |    93 |    65 ||   158
       Constrict         |    28 |    17 ||    45
       Tentacles         |    15 |    15 ||    30
       Punch             |     2 |       ||     2
       Kick              |       |    12 ||    12
 Cast: Beastly Appendage |     4 |    17 ||    21
  Use: Scroll            |     8 |     2 ||    10
       Potion            |       |     3 ||     3
 Stab: Sleeping          |     5 |     2 ||     7
Armor: Skin              |     5 |     6 ||    11
Dodge: Dodged            |    64 |    38 ||   102

Table legend: (Time is in decaauts)
 A = Elapsed time spent in this place.
 B = Non-inter-level travel time spent in this place.
 C = Inter-level travel time spent in this place.
 D = Time resting spent in this place.
 E = Time spent auto-exploring this place.
 F = Levels seen in this place.
 G = Mean time per level.
                   A        B        C        D        E       F      G
               +--------+--------+--------+--------+--------+-----+--------+
         Total |   4013 |   3862 |    151 |    619 |   2688 |   3 | 1337.7 |
       Dungeon |   4013 |   3862 |    151 |    619 |   2688 |   3 | 1337.7 |
               +--------+--------+--------+--------+--------+-----+--------+

Top non-repeatable levels by time:
     D:2: 1582 daAuts
     D:1: 1443 daAuts
     D:3: 988 daAuts
